 Dungeon Crawl Stone Soup version 0.25.1-8-g42b30a86e7 (webtiles) character file.

Game seed: 12569576989746498923

4133 Araneus the Martial Artist (level 10, -6/70 HPs)
             Began as a Demonspawn Monk on Dec 16, 2020.
             Was an Elder of Qazlal.
             Mangled by a wyvern skeleton (7 damage)
             ... on level 9 of the Dungeon.
             The game lasted 00:26:50 (10612 turns).

Araneus the Martial Artist (Demonspawn Monk)       Turns: 10612, Time: 00:26:50

Health: -6/70      AC: 14    Str: 13 (14) XL:     10   Next: 6%
Magic:  13/13      EV: 15    Int: 12 (13) God:    Qazlal [****..]
Gold:   433        SH:  5    Dex: 19 (21) Spells: 9/9 levels left

rFire    + . .     SeeInvis .     - Unarmed
rCold    . . .     Gourm    .   (no shield)
rNeg     . . .     Faith    .   t - +0 leather armour
rPois    .         Spirit   .   x - +2 helmet
rElec    .         Reflect  .   w - +0 cloak
rCorr    .         Harm     .   r - +2 pair of gloves
MR       .....                  (no boots)
Stlth    +.........             (no amulet)
HPRegen  0.21/turn              A - +6 ring of dexterity
MPRegen  0.13/turn              p - ring of protection from fire

@: repel missiles
A: hooves 2, icy blue scales 2, powered by pain 2
a: Upheaval, Elemental Force, Renounce Religion


You were on level 9 of the Dungeon.
You worshipped Qazlal.
Qazlal was greatly pleased with you.
You were hungry.

You visited 2 branches of the dungeon, and saw 10 of its levels.

You collected 433 gold pieces.

Inventory:

Armour
 r - a +2 pair of gloves (worn)
 t - a +0 leather armour (worn)
 w - a +0 cloak (worn)
 x - a +2 helmet (worn)
Jewellery
 p - a ring of protection from fire (right hand)
 A - a +6 ring of dexterity (left hand)
Wands
 c - a wand of disintegration (8)
 h - a wand of clouds (3)
 v - a wand of paralysis (10)
Scrolls
 d - a scroll of fear
 g - a scroll of torment {unknown}
 i - 4 scrolls of fog
 j - 2 scrolls of teleportation
 B - 2 scrolls of remove curse
Potions
 e - 5 potions of magic
 f - 2 potions of berserk rage
 k - a potion of curing
 n - 2 potions of cancellation
 z - a potion of degeneration
Comestibles
 b - 11 rations


   Skills:
 + Level 3.1 Fighting
 * Level 5.2 Armour
 + Level 4.6 Dodging
 - Level 1.7 Stealth
 + Level 11.2 Unarmed Combat
 * Level 4.1 Invocations
 * Level 1.4 Evocations


You had 9 spell levels left.
You didn't know any spells.
Your spell library contained the following spells:

 Spells                   Type           Power        Failure   Level  Hunger
 Animate Skeleton         Necr           N/A          38%         1    ##.....
 Pain                     Necr           #...         38%         1    ##.....
 Vampiric Draining        Necr           #.........   77%         3    ####...
 Animate Dead             Necr           N/A          99%         4    #####..
 Agony                    Necr           #.......     100%        5    ######.


Dungeon Overview and Level Annotations

Branches:
Dungeon (9/15)             Temple (1/1) D:5             Orc (0/2) D:9
   Lair: D:8-11

Altars:
Cheibriados
Dithmenos
Elyvilon
Fedhas
Gozag
Hepliaklqana
Kikubaaqudgha
Makhleb
Nemelex Xobeh
Okawaru
Qazlal
Ru
Sif Muna
Trog
Uskayaw
Vehumet
Wu Jian
Xom
Zin
The Shining One

Annotations:
D:7 Maggie


Innate Abilities, Weirdness & Mutations

You have hoof-like feet.
You are mostly covered in icy blue scales. (AC +3)
You sometimes gain power by taking damage.


Message History

The orc barely misses you. The wyvern skeleton misses you.
You hit the wyvern skeleton. You kick the wyvern skeleton!
The wyvern skeleton is severely damaged.
The troll bites you! The troll claws you. x2
* * * LOW HITPOINT WARNING * * *
You block the orc wizard's attack.
The wyvern skeleton bites you but does no damage.
The orc hits you but does no damage. The orc hits you with a +0 flail!
* * * LOW HITPOINT WARNING * * *
Okay, then.
You closely miss the orc. The orc hits you with a +0 hand axe.
* * * LOW HITPOINT WARNING * * *
The troll bites you.
* * * LOW HITPOINT WARNING * * *
You block the troll's attack. The troll misses you.
The orc wizard is engulfed in freezing vapours.
The orc wizard hits you with a +0 dagger.
* * * LOW HITPOINT WARNING * * *
The wyvern skeleton bites you!
You die...

##################
.......°T.........
......o@o)<.......
.....○oZo○.....$..
.....°..○.........
..................
...........$..>.>.
##################


You could see a troll, an orc wizard, 3 orcs and a wyvern skeleton.

Vanquished Creatures
  Sigmund (D:2)
  A vampire (D:9)
  A water moccasin (D:8)
  2 orc warriors (D:8)
  2 sky beasts
  2 ice beasts
  A black bear (D:9)
  4 ogres
  2 phantoms
  2 centaurs (D:6)
  5 bullfrogs
  2 wyvern skeletons
  A scorpion (D:6)
  3 killer bees (D:9)
  A howler monkey (D:4)
  A crimson imp (D:8)
  A bullfrog zombie (D:8)
  7 hounds
  3 bullfrog skeletons
  4 jellies
  11 orc priests
  Terence (D:3)
  2 iguanas (D:8)
  8 orc wizards
  13 worker ants
  Natasha (twice) (D:4)
  6 gnolls
  9 adders
  2 shadow imps
  2 oozes
  A worm (D:2)
  8 leopard geckos
  41 orcs
  2 ball pythons (D:4)
  3 giant cockroaches
  7 goblins
  2 hobgoblins (D:1)
  5 jackals
  4 quokkas
  7 bats
  7 frilled lizards
  A jackal zombie (D:7)
  6 kobolds
  6 rats
202 creatures vanquished.

Notes
Turn   | Place    | Note
-------+----------+-------------------------------------------
     0 | D:1      | Araneus the Demonspawn Monk began the quest for the Orb.
     0 | D:1      | Reached XP level 1. HP: 18/18 MP: 1/1
   193 | D:1      | Reached skill level 3 in Unarmed Combat
   347 | D:1      | Gained mutation: You sometimes gain a little power by
                  | taking damage. [demonic ancestry]
   347 | D:1      | Reached XP level 2. HP: 21/24 MP: 2/2
  1265 | D:2      | Found a radiant altar of Vehumet.
  1365 | D:1      | Gained mutation: You have large cloven feet. [demonic
                  | ancestry]
  1365 | D:1      | Reached XP level 3. HP: 4/29 MP: 3/3
  1650 | D:1      | Reached skill level 4 in Unarmed Combat
  2150 | D:2      | Noticed Sigmund
  2178 | D:2      | Killed Sigmund
  2178 | D:2      | Reached skill level 5 in Unarmed Combat
  2178 | D:2      | Gained mutation: You are partially covered in icy blue
                  | scales. (AC +2) [demonic ancestry]
  2178 | D:2      | Reached XP level 4. HP: 29/35 MP: 4/4
  2178 | D:2      | Gained mutation: You are mostly covered in icy blue scales.
                  | (AC +3) [demonic ancestry]
  2178 | D:2      | Reached XP level 5. HP: 34/41 MP: 5/5
  2286 | D:2      | Reached skill level 6 in Unarmed Combat
  2357 | D:2      | Found a burning altar of Makhleb.
  2366 | D:2      | Reached XP level 6. HP: 46/47 MP: 6/6
  3301 | D:3      | Found a shimmering altar of Xom.
  3301 | D:3      | Found a shimmering altar of Xom.
  3301 | D:3      | Found a shimmering altar of Xom.
  3301 | D:3      | Found a shimmering altar of Xom.
  3302 | D:3      | Found a shimmering altar of Xom.
  3303 | D:3      | Found a shimmering altar of Xom.
  3304 | D:3      | Found a shimmering altar of Xom.
  3493 | D:3      | Reached skill level 7 in Unarmed Combat
  3690 | D:3      | Noticed an ice beast
  3704 | D:3      | Gained mutation: You sometimes gain power by taking damage.
                  | [demonic ancestry]
  3704 | D:3      | Reached XP level 7. HP: 51/52 MP: 7/7
  3850 | D:3      | Noticed Terence
  3852 | D:3      | Found a bloodstained altar of Trog.
  3882 | D:3      | Killed Terence
  4145 | D:3      | Found a snail-covered altar of Cheibriados.
  4314 | D:4      | Reached skill level 8 in Unarmed Combat
  4914 | D:4      | Noticed Natasha
  4958 | D:4      | Killed Natasha
  5393 | D:4      | Reached XP level 8. HP: 54/58 MP: 8/8
  5463 | D:4      | Reached skill level 9 in Unarmed Combat
  5710 | D:4      | Noticed Natasha
  5722 | D:4      | Killed Natasha
  5819 | D:5      | Entered Level 5 of the Dungeon
  5890 | D:5      | Found a staircase to the Ecumenical Temple.
  5917 | Temple   | Entered the Ecumenical Temple
  6009 | Temple   | Became a worshipper of Qazlal Stormbringer
  6009 | Temple   | Reached * piety under Qazlal
  6009 | Temple   | Reached ** piety under Qazlal
  6510 | D:5      | Found an ornate altar of the Wu Jian Council.
  6543 | D:5      | Reached skill level 1 in Armour
  7544 | D:6      | Found a snail-covered altar of Cheibriados.
  7645 | D:6      | Found an iron altar of Okawaru.
  7646 | D:6      | Found a hide-covered altar of Uskayaw.
  7650 | D:6      | Found a shimmering blue altar of Sif Muna.
  7721 | D:6      | Reached skill level 10 in Unarmed Combat
  7726 | D:6      | Gained mutation: You have hoof-like feet. [demonic
                  | ancestry]
  7726 | D:6      | Reached XP level 9. HP: 19/63 MP: 9/9
  8355 | D:6      | Found a sacrificial altar of Ru.
  8479 | D:7      | Found a stormy altar of Qazlal.
  8729 | D:7      | Noticed Maggie
  8884 | D:8      | Found a white marble altar of Elyvilon.
  8893 | D:8      | Reached *** piety under Qazlal
  8963 | D:8      | Reached skill level 1 in Invocations
  9272 | D:8      | Found a white marble altar of Elyvilon.
  9494 | D:8      | Reached skill level 5 in Armour
 10054 | D:8      | Reached skill level 11 in Unarmed Combat
 10337 | D:9      | Reached skill level 1 in Evocations
 10340 | D:9      | Found a staircase to the Orcish Mines.
 10352 | D:9      | Reached **** piety under Qazlal
 10352 | D:9      | Reached XP level 10. HP: 34/70 MP: 13/13
 10612 | D:9      | HP: 2/70 [troll (4)]
 10612 | D:9      | Mangled by a wyvern skeleton

Illustrated notes

Levels and vault maps discovered:
D:1:      dpeg_arrival_simpleton_b, layout_basic, serial_rivers,
          chequers_serial_rivers_small_b, chequers_serial_rivers_small_3,
          chequers_serial_rivers_small_3, chequers_serial_rivers_small_3,
          palyth_stone_intersect, serial_bayou_ford_a, minmay_hexomino_f4
D:2:      layout_basic, makhleb_heckhound_becter, vehumet_crystals,
          minmay_misc_feat_rows, uniq_sigmund
D:3:      layout_loops_corners, marbit_many_paths,
          lemuel_coloured_pillars_altar, xom_redecorated, uniq_terence
D:4:      layout_cave_pods, uniq_natasha
D:5:      layout_layer_cave, overflow_temple_1_default,
          minmay_temple_entry_mist, first_ration
D:6:      layout_loops_corners, nicolae_ru_path_of_blood,
          chequers_temple_overflow_statue_of_worship, cheibriados_altar_1
D:7:      layout_rooms, basic_altar, uniq_maggie
D:8:      layout_loops_ring, lemuel_doored_altar, enter_bailey_2, basic_altar
D:9:      layout_long_grid, nicolae_overflow_crystal_walls,
          evilmike_ruin_ashenzari, serial_shops, shop
Temple:   jpeg_temple_island

Skill      XL: |  1  2  3  4  5  6  7  8  9 |
---------------+----------------------------+-----
Unarmed Combat | 3 5 6 7 8 10 11 | 11.2
Armour         | 3 5 |  5.2
Dodging        | 3 4 |  4.6
Invocations    | 4 |  4.1
Evocations     | 1 |  1.4
Fighting       | |  3.1
Stealth        | |  1.7

Action                   |  1- 3 |  4- 6 |  7- 9 | 10-12 || total
-------------------------+-------+-------+-------+-------++-------
Melee: Unarmed           |   107 |   119 |   534 |    30 ||   790
       Punch             |     4 |     7 |    26 |       ||    37
       Kick              |     3 |    33 |   172 |    11 ||   219
  Use: Scroll            |     4 |     1 |    17 |       ||    22
       Potion            |     1 |     1 |    14 |       ||    16
 Stab: Sleeping          |     3 |     3 |     1 |       ||     7
       Invisible         |       |       |     4 |       ||     4
  Eat: Chunk             |     2 |     3 |    22 |       ||    27
       Ration            |       |     1 |       |       ||     1
Armor: Robe              |    20 |    41 |    35 |       ||    96
       Leather armour    |       |       |   129 |    21 ||   150
       Skin              |       |       |     3 |       ||     3
Dodge: Dodged            |    66 |    83 |   271 |    36 ||   456
       Repelled          |       |       |       |     2 ||     2
Block: Other             |       |       |    31 |    15 ||    46
